 Dungeon Crawl Stone Soup version 0.32-a0-543-gefe97123c3 (webtiles) character file.

Game seed: 15320092932469015662

1760 Ladon the Grappler (level 8, -4/71 HPs)
             Began as a Troll Shapeshifter on Feb 29, 2024.
             Slain by Pikel
             ... wielding a +2 whip of flaming
              (7 damage)
             ... on level 6 of the Dungeon.
             The game lasted 00:10:03 (4643 turns).

Ladon the Grappler (Troll Shapeshifter)             Turns: 4643, Time: 00:10:05

Health: -4/71      AC:  2    Str: 23    XL:     8   Next: 79%
Magic:  7/7        EV: 14    Int:  6    God:
Gold:   298        SH:  0    Dex: 11    Spells: 7/7 levels left

rFire   . .          .
                       - Unarmed
rCold   . . .        (shield currently unavailable)
rNeg    . . .        a - melded +0 animal skin
rPois   .            (helmet restricted)
rElec   .            (no cloak)
rCorr   +            (gloves unavailable)
SInv    .            (boots unavailable)
Will    .....        k - amulet of the acrobat
Stlth   +            o - ring of resist corrosion
HPRegen 1.11/turn    (no ring)
MPRegen 0.10/turn

%: acrobat
@: flux-form, glowing
A: glow, contaminating, reduced hp, large, unfitting armour, claws 3,
regeneration 1, shaggy fur 1, tough skin 1
a: Begin Untransformation


You were on level 6 of the Dungeon.
You were something dangerously unstable.
You visited 2 branches of the dungeon, and saw 7 of its levels.

You collected 363 gold pieces.
You spent 65 gold pieces at shops.

Inventory:

Armour
 a - a +0 animal skin (melded)
 s - an orb of mayhem
Jewellery
 k - an amulet of the acrobat (around neck)
 o - a ring of resist corrosion (left claw)
Talismans
 c - a beast talisman
 d - a flux talisman (active)
Scrolls
 g - 2 scrolls of teleportation
 h - 2 scrolls of revelation
 j - a scroll of enchant armour
 l - 2 scrolls of noise
 m - a scroll of poison {unknown}
 n - 3 scrolls of enchant weapon
 p - a scroll of silence {unknown}
 q - a scroll of identify
 r - a scroll of immolation {unknown}
 t - 2 scrolls of fog
 u - 2 scrolls of blinking {unknown}
 v - a scroll of vulnerability {unknown}
Potions
 b - a potion of lignification
 e - 2 potions of haste {unknown}
 f - a potion of mutation {unknown}
 i - a potion of heal wounds {unknown}
 w - a potion of brilliance {unknown}
 x - 2 potions of enlightenment {unknown}
 z - a potion of might


   Skills:
 + Level 1.8 Fighting
 + Level 3.8 Dodging
 + Level 1.0 Stealth
 + Level 8.0 Unarmed Combat
 * Level 6.9 Shapeshifting


You had 7 spell levels left.
You didn't know any spells.
Your spell library was empty.

Dungeon Overview and Level Annotations

Branches:
Dungeon (6/15)             Temple (1/1) D:4

Altars:
Dithmenos
Elyvilon
Fedhas
Gozag
Hepliaklqana
Kikubaaqudgha
Nemelex Xobeh
Okawaru
Qazlal
Ru
Sif Muna
Trog
Vehumet
Wu Jian
Zin
The Shining One

Shops:
D:6 *

Annotations:
D:1 1 transporter
D:6 Pikel


Innate Abilities, Weirdness & Mutations

You are something dangerously unstable.
You glow with magical radiation, making you easy to see and hit.
Foes you strike become dangerously contaminated with magical radiation.
Your maximum health is decreased, since you lack skill for your form.
You are incapable of wielding weapons or throwing items.
You are too large for most types of armour.
You have claws for hands.
Your natural rate of healing is unusually fast.
You are covered in fur. (AC +1)
You have tough skin. (AC +1)


Message History

The lemure hits you but does no damage.
You closely miss Pikel. The lemure closely misses you.
Pikel hits you with a +2 whip of flaming.
Pikel burns you. The lemure hits you. The lemure hits you!
The lemure misses you.
You scratch Pikel.
Pikel glows dangerously bright.
Pikel is lightly wounded.
The lemure hits you.
Pikel hits you with a +2 whip of flaming!
Pikel burns you.
* * * LOW HITPOINT WARNING * * *
The lemure hits you.
* * * LOW HITPOINT WARNING * * *
The lemure hits you but does no damage. The lemure hits you.
* * * LOW HITPOINT WARNING * * *
You scratch Pikel but do no damage.
Pikel shudders as magic cascades through him!!
Pikel twists and deforms.
Pikel is severely wounded.
Unknown command.
Unknown command.
You closely miss Pikel.
Pikel is severely wounded.
The lemure misses you.
Pikel hits you with a +2 whip of flaming.
* * * LOW HITPOINT WARNING * * *
Pikel burns you.
* * * LOW HITPOINT WARNING * * *
The lemure misses you. The lemure hits you.
* * * LOW HITPOINT WARNING * * *
The lemure closely misses you.
Unknown command.
Unknown command.
You barely miss Pikel.
Pikel is severely wounded.
The lemure hits you.
* * * LOW HITPOINT WARNING * * *
Pikel hits you with a +2 whip of flaming!
You die...
Pikel says, "Another soul for the market."

...........#
...........#......#
...[.......#......#
...........#......#
...........# .....#
...........# ....#
.........(.####...#
############.##5K5#
...............5p.#
...............5..#
..................#
..................#
###################


You could see Pikel (misshapen) and 4 lemures.

Vanquished Creatures
  A steam dragon (D:6)
  Menkaure (D:6)
  Duvessa (D:5)
  Edmund (D:6)
  2 black bears (D:4)
  A phantom (D:5)
  2 scorpions
  Dowan (D:5)
  A howler monkey (D:5)
  2 hounds
  2 bombardier beetles (D:3)
  3 jellies
  2 orc priests
  3 sleepcaps
  3 iguanas
  Natasha (thrice) (D:2)
  5 orc wizards
  5 gnolls
  7 adders
  2 ufetubi (D:5)
  A ribbon worm (D:3)
  A dart slug (D:2)
  13 orcs
  10 endoplasms
  8 goblins
  5 hobgoblins
  6 kobolds
  3 quokkas
  8 ball pythons
  8 bats
  4 frilled lizards
  5 rats
120 creatures vanquished.

Notes
Turn   | Place    | Note
-------+----------+-------------------------------------------
     0 | D:1      | Ladon the Troll Shapeshifter began the quest for the Orb.
     0 | D:1      | Reached XP level 1. HP: 18/18 MP: 0/0
   214 | D:1      | Reached XP level 2. HP: 26/26 MP: 1/1
   786 | D:2      | Reached XP level 3. HP: 32/32 MP: 2/2
   888 | D:2      | Noticed Natasha
   894 | D:2      | Killed Natasha
   895 | D:2      | Reached XP level 4. HP: 27/40 MP: 3/3
   974 | D:2      | Noticed Natasha
   985 | D:2      | Killed Natasha
   986 | D:2      | Reached skill level 4 in Unarmed Combat
  1532 | D:2      | Noticed Natasha
  1544 | D:2      | Killed Natasha
  1545 | D:2      | Reached XP level 5. HP: 42/46 MP: 4/4
  1983 | D:3      | Reached skill level 1 in Fighting
  1983 | D:3      | Reached XP level 6. HP: 35/55 MP: 5/5
  1994 | D:3      | Reached skill level 5 in Unarmed Combat
  2755 | D:4      | Reached skill level 5 in Shapeshifting
  2755 | D:4      | Reached XP level 7. HP: 40/62 MP: 6/6
  2794 | D:4      | Found a staircase to the Ecumenical Temple.
  2823 | Temple   | Entered the Ecumenical Temple
  2900 | D:4      | Reached skill level 6 in Unarmed Combat
  3295 | D:5      | Entered Level 5 of the Dungeon
  3831 | D:5      | Noticed Duvessa
  3832 | D:5      | Noticed Dowan
  3841 | D:5      | Killed Duvessa
  3842 | D:5      | Reached XP level 8. HP: 30/70 MP: 7/7
  3845 | D:5      | Killed Dowan
  3846 | D:5      | Reached skill level 1 in Stealth
  3846 | D:5      | Reached skill level 7 in Unarmed Combat
  4002 | D:6      | Noticed Edmund
  4010 | D:6      | Killed Edmund
  4071 | D:6      | Noticed Menkaure
  4077 | D:6      | Killed Menkaure
  4201 | D:6      | Found Imeostri's General Store.
  4204 | D:6      | Bought a scroll of noise for 13 gold pieces
  4204 | D:6      | Bought a potion of might for 52 gold pieces
  4504 | D:6      | Reached skill level 8 in Unarmed Combat
  4514 | D:6      | Found a hazy altar of Hepliaklqana.
  4635 | D:6      | Noticed Pikel
  4643 | D:6      | HP: 3/71 [lemure[Pikel] (3)]
  4643 | D:6      | Slain by Pikel

Illustrated notes

Levels and vault maps discovered:
D:1:      spicycebolla_arrival_risky_transporter, layout_loops_ring,
          st_stairs_8, nrook_campfire, chequers_serial_rivers_micro_c,
          minivault_4, corexii_leaking_fountain, minmay_tetromino_o2
D:2:      layout_loops_ring, serial_forest, infiniplex_forest_lined_room_2,
          infiniplex_forest_clump_double, infiniplex_forest_straight_3,
          infiniplex_forest_clump_diagonal, infiniplex_forest_clump_diagonal,
          infiniplex_forest_end_1, infiniplex_forest_straight_1,
          infiniplex_forest_end_1, infiniplex_forest_corner_2, uniq_natasha
D:3:      layout_loops_cross
D:4:      wander_river, layout_basic, minmay_temple_entry_overgrown
D:5:      layout_loops_ring, uniq_duvessa
D:6:      layout_gridville, marbit_many_paths, serial_shops,
          nicolae_shop_behind_doors, uniq_pikel, uniq_edmund, uniq_menkaure
Temple:   regret_index_temple_generic_petals

Skill      XL: |  1  2  3  4  5  6  7  8 |
---------------+-------------------------+-----
Shapeshifting  | 4 5 6 |  6.9
Unarmed Combat | 4 5 6 8 |  8.0
Dodging        | 2 3 |  3.8
Fighting       | 1 |  1.8
Stealth        | 1 |  1.0

Action                     |  1- 3 |  4- 6 |  7- 9 || total
---------------------------+-------+-------+-------++-------
  Melee: Unarmed           |    50 |   113 |   148 ||   311
         Punch             |     1 |     4 |       ||     5
Ability: Begin Untransform |       |     1 |       ||     1
    Use: Scroll            |       |       |     5 ||     5
   Stab: Sleeping          |     1 |     2 |       ||     3
 Armour: Animal skin       |    21 |    55 |       ||    76
         Skin              |       |     6 |    79 ||    85
  Dodge: Dodged            |    36 |    45 |   105 ||   186
   Form: Flux              |       |     2 |       ||     2
         Beast             |       |     1 |       ||     1

Table legend: (Time is in decaauts)
 A = Elapsed time spent in this place.
 B = Non-inter-level travel time spent in this place.
 C = Inter-level travel time spent in this place.
 D = Time resting spent in this place.
 E = Time spent auto-exploring this place.
 F = Levels seen in this place.
 G = Mean time per level.
                   A        B        C        D        E       F      G
               +--------+--------+--------+--------+--------+-----+--------+
         Total |   4610 |   4459 |    151 |      0 |   3690 |   7 |  658.6 |
       Dungeon |   4608 |   4457 |    151 |      0 |   3690 |   6 |  768.0 |
        Temple |      1 |      1 |      0 |      0 |      0 |   1 |    1.0 |
               +--------+--------+--------+--------+--------+-----+--------+

Top non-repeatable levels by time:
     D:2: 994 daAuts
     D:4: 834 daAuts
     D:1: 757 daAuts
     D:6: 698 daAuts
     D:3: 689 daAuts
     D:5: 633 daAuts
  Temple: 1 daAuts
